 Dungeon Crawl Stone Soup version 0.14-a0-848-g57a047c (webtiles) character file.

94 4tharraofdagon the Firebug (level 2, -1/22 HPs)
             Began as a Naga Fire Elementalist on Nov 14, 2013.
             Slain by a hobgoblin (4 damage)
             ... on Level 3 of the Dungeon.
             The game lasted 00:02:16 (359 turns).

4tharraofdagon the Firebug (Naga Fire Elementalist)  Turns: 359, Time: 00:02:17

HP  -1/22        AC  1     Str 10      XL: 2   Next: 54%
MP   0/4         EV  9     Int 15      God:
Gold 78          SH  8     Dex 11      Spells:  1 memorised,  2 levels left

Res.Fire  : + . .   See Invis. : +   (no weapon)
Res.Cold  : . . .   Warding    : .   a - +0 robe
Life Prot.: . . .   Conserve   : .   d - +1 dwarf buckler
Res.Poison: +       Res.Corr.  : .   (no helmet)
Res.Elec. : .       Clarity    : .   (no cloak)
Sust.Abil.: . .     Spirit.Shd : .   (no gloves)
Res.Mut.  : .       Stasis     : .   (no barding)
Res.Rott. : .       Flight     : .   (no amulet)
Saprovore : . . .                    (no ring)
                                     j - ring of protection from fire {unknown}

@: very slow, slightly resistant to hostile enchantments, fairly stealthy
A: spit poison, see invisible, deformed body, poison resistance, slowness 2
a: Spit Poison


You were on level 3 of the Dungeon.
You were not hungry.

You visited 1 branch of the dungeon, and saw 3 of its levels.

You collected 78 gold pieces.

Inventory:

Armour
 a - a +0 robe (worn)
 d - a +1 dwarven buckler (worn)
 i - a +0 fire dragon armour
Comestibles
 c - 2 bread rations
 f - 2 meat rations
Scrolls
 e - a scroll of random uselessness {unknown}
 g - a scroll of enchant armour {unknown}
 k - 4 scrolls of teleportation {unknown}
Jewellery
 h - an uncursed ring of ice
 j - a ring of protection from fire (left hand) {unknown}
Potions
 l - a potion of heal wounds {unknown}
Books
 b - a book of Flames

   Spells                             Type                      Level
   *Flame Tongue                      Conjuration/Fire             1
   Throw Flame                        Conjuration/Fire             2
   Conjure Flame                      Conjuration/Fire             3
   Inner Flame                        Hexes/Fire                   3
   Sticky Flame                       Conjuration/Fire             4
   Fireball                           Conjuration/Fire             5


   Skills:
 - Level 1.5 Dodging
 - Level 3.0 Stealth
 * Level 0.5 Shields
 + Level 1.2 Spellcasting
 * Level 1.3 Conjurations
 * Level 3.3 Fire Magic


You had 2 spell levels left.
You knew the following spells:

 Your Spells              Type           Power        Failure   Level  Hunger
a - Flame Tongue          Conj/Fire      #....        12%         1    ##.....


Dungeon Overview and Level Annotations

Branches:
Dungeon (3/16)

Altars:


Innate Abilities, Weirdness & Mutations

You cannot wear boots.
You can spit poison.
You have supernaturally acute eyesight.
Armour fits poorly on your strangely shaped body.
Your system is resistant to poisons.
You cover ground very slowly.


Message History

The hobgoblin is heavily wounded.
The ball python barely misses you. You block the hobgoblin's attack.
The ball python barely misses you.
You closely miss the hobgoblin.
The hobgoblin is heavily wounded.
The hobgoblin barely misses you. The ball python barely misses you.
Unknown command.
You hit the hobgoblin.
The hobgoblin is almost dead.
The hobgoblin hits you.
* * * LOW HITPOINT WARNING * * *
The ball python bites you but does no damage.
Unknown command.
Unknown command.
You barely miss the hobgoblin.
The hobgoblin is almost dead.
You have got your breath back.
The ball python bites you but does no damage.
The hobgoblin hits you.
You die...

#......[.......#
#..............#
#........###...#
#........#
#...####..#
#.#####..#
#.........# #.
#..# #...###...#
#. #..###...# .#
#. #........#
#..S@g...#
.............#
...............
###....>........
#.............
#............
#...........
......... ...


You could see a hobgoblin and a ball python.

Vanquished Creatures
  An orc (D:3)
  A ball python (D:1)
  A giant cockroach (D:1)
  A hobgoblin (D:2)
  A jackal (D:1)
  2 kobolds (D:1)
  2 bats (D:3)
  A giant newt (D:1)
  3 goblins (D:1)
  2 rats (D:1)
15 creatures vanquished.

Notes
Turn   | Place    | Note
--------------------------------------------------------------
     0 | D:1      | 4tharraofdagon, the Naga Fire Elementalist, began the quest for the Orb.
     0 | D:1      | Reached XP level 1. HP: 15/15 MP: 3/3
   126 | D:1      | Reached XP level 2. HP: 16/22 MP: 4/4
   158 | D:1      | fire dragon armor
   158 | D:1      | WTF
   359 | D:3      | Slain by a hobgoblin

Action                   || total
-------------------------++-------
Melee: Unarmed           ||    20
 Cast: Flame Tongue      ||    13
 Abil: Spit Poison       ||    13
